 Dungeon Crawl Stone Soup version 0.18.1-48-g4cf74bf (webtiles) character file.

77897 OrDronus the Warrior (level 15, -11/141 HPs)
             Began as a Minotaur Fighter on June 14, 2016.
             Was an Elder of Qazlal.
             Mangled by Kirke (12 damage)
             ... while paralysed by a sphinx
             ... on level 8 of the Lair of Beasts on July 9, 2016.
             The game lasted 03:23:23 (26205 turns).

OrDronus the Warrior (Minotaur Fighter)            Turns: 26205, Time: 03:23:24

Health: -11/141    AC:  0    Str: 26    XL:     15   Next: 16%
Magic:  17/20      EV:  3    Int:  9    God:    Qazlal [****..]
Gold:   1765       SH:  0    Dex: 12    Spells: 0 memorised, 14 levels left

rFire  . . .     SeeInvis .     (weapon currently unavailable)
rCold  . . .     Gourm    .     (armour currently unavailable)
rNeg   . . .     Faith    .     (shield currently unavailable)
rPois  .         Spirit   .     (helmet currently unavailable)
rElec  .         Dismiss  +     (cloak currently unavailable)
rCorr  .         Reflect  .     (gloves currently unavailable)
SustAt .         Harm     .     (boots currently unavailable)
MR     +....                    G - amulet of Woleofig {Dismiss Fragile Str+3 Int+2}
Stlth  +.........               (ring currently unavailable)
                                (ring currently unavailable)

@: paralysed, pig-form, slowed, repel missiles, very quick, somewhat resistant
to hostile enchantments, very unstealthy
A: (retaliatory headbutt), (horns 0)
a: Upheaval, Elemental Force, Renounce Religion


You were on level 8 of the Lair of Beasts.
You worshipped Qazlal.
Qazlal was greatly pleased with you.
You were not hungry.
You were a filthy swine.
You visited 4 branches of the dungeon, and saw 25 of its levels.
You also visited: Ossuary and Bailey.

You collected 1765 gold pieces.

Inventory:

Hand Weapons
 a - a +1 war axe (melded)
 b - a +0 hunting sling of freezing
 O - the +1 greatsling of Shrieking Terror {venom, Int+8}
   (You acquired it on level 3 of the Lair of Beasts)

   It poisons the ammo it fires.
   It affects your intelligence (+8).
Missiles
 x - 104 sling bullets
 A - 5 steel javelins (quivered)
Armour
 c - a +0 shield (melded)
 q - a +1 cloak (melded)
 u - a +2 plate armour of cold resistance
 D - the +11 chain mail of Grace {*Corrode MP+9 Str+7 Dex-2 SInv}
   (You found it on level 14 of the Dungeon)

   It affects your strength (+7).
   It affects your dexterity (-2).
   It affects your magic capacity (+9).
   It lets you see invisible.
   It may corrode you when you take damage.
 M - a +0 pair of boots (melded)
 T - a +0 pair of gloves (melded)
Jewellery
 v - the amulet of Vitality {Regen+ HP+15}
   (You found it on level 14 of the Dungeon)

   [amulet of regeneration]

   It affects your health (+15).
   It increases your rate of regeneration.
 F - a ring of protection from cold (melded)
 G - the amulet of Woleofig (around neck) {Dismiss Fragile Str+3 Int+2}
   (You found it on level 8 of the Dungeon)

   [amulet of dismissal]

   It may teleport away creatures that harm you.
   It affects your strength (+3).
   It affects your intelligence (+2).
   It will be destroyed if unequipped.
 H - an uncursed amulet of guardian spirit {unknown}
 V - an uncursed amulet of rage
 W - an uncursed ring of stealth
Wands
 s - a wand of lightning (8/15)
 I - a wand of teleportation (5/9)
 P - a wand of acid (6/15)
 S - a wand of digging (14/24)
 X - a wand of confusion (20/48)
 Z - a wand of polymorph (19/24)
Scrolls
 e - 2 scrolls of fog
 g - 3 scrolls of fear
 i - 8 scrolls of teleportation
 m - 5 scrolls of identify
 n - 9 scrolls of remove curse
 p - 2 scrolls of vulnerability
 r - 4 scrolls of recharging
 w - a scroll of silence
 y - 4 scrolls of enchant armour
 C - 8 scrolls of enchant weapon
 N - a scroll of magic mapping
 Q - 2 scrolls of blinking
Potions
 d - 5 potions of might
 h - 11 potions of curing
 j - 12 potions of heal wounds
 k - a potion of cancellation
 o - 5 potions of berserk rage
 t - 5 potions of flight
 J - 2 potions of haste
 K - 5 potions of agility
 L - 3 potions of cure mutation
 R - 3 potions of invisibility
 U - a potion of brilliance
Miscellaneous
 Y - a legendary deck of escape {Velocity}
Comestibles
 f - 13 bread rations
 l - 9 slices of pizza
 z - 6 fruits
 B - 7 beef jerkies
 E - 8 meat rations


   Skills:
 * Level 15.6 Fighting
 + Level 14.1 Axes
 * Level 7.5 Slings
 - Level 0.4(4.2) Throwing
 + Level 11.7 Armour
 + Level 8.2 Dodging
 + Level 14.9 Shields
 * Level 9.1 Invocations
 + Level 0.3 Evocations


You had 14 spell levels left.
You didn't know any spells.

Dungeon Overview and Level Annotations

Branches:
Dungeon (15/15)            Temple (1/1) D:7            Lair (8/8) D:8
 Shoals (0/4) Lair:6        Snake (0/4) Lair:5        Slime (1/6) Lair:7
    Orc (0/2) D:11         Vaults (0/5) D:13
 Depths: D:15

Altars:
Cheibriados
Dithmenos
Elyvilon
Fedhas
Kikubaaqudgha
Makhleb
Okawaru
Pakellas
Qazlal
Ru
Vehumet
Xom
Yredelemnul
Zin
The Shining One
Beogh
Jiyva

Shops:
D:4 }   D:7 (

Portals:
Trove: D:14 (give +6 demon trident)

Annotations:
D:15 Louise
Lair:8 Kirke


Innate Abilities, Weirdness & Mutations

((You reflexively headbutt those who attack you in melee.))
((You have a pair of horns on your head.))


Message History

The plant is engulfed in freezing vapours.
The hog bites you.
* * * LOW HITPOINT WARNING * * *
The amulet of Woleofig {Dismiss Fragile Str+3 Int+2} vibrates suddenly!
The hog disappears!
You hear some strange, mumbled words.
Something summons a lindwurm!
You see here a hippogriff corpse.
The plant is engulfed in freezing vapours.
The sphinx casts a spell.
You suddenly lose the ability to move!
The lindwurm is engulfed in freezing vapours.
The lindwurm breathes flames at you.
Helpless, you fail to dodge the blast of flame.
* * * LOW HITPOINT WARNING * * *
The plant is engulfed in freezing vapours.
The sphinx is engulfed in roaring flames.
The sphinx casts a spell.
You shrug off the repeated paralysis!
Something hits you!
You die...

##### ## ##
#.#.##.#
.P..##§P.PP.###
........P.....#
##h†P# #..H##
#.†...#
.k....#....
......P....##
...#...../...#
.. ##.#...#...P
. .#..#.....P
#. #..#....#


You could see a sphinx and a lindwurm.

Vanquished Creatures
  Azrael (D:15)
  Snorg (Lair:4)
  3 vault guards
  Josephine (D:11)
  Erolcha (D:9)
  Fannar (D:11)
  A great orb of eyes (Lair:5)
  6 hydras
  Erica (D:10)
  2 centaur warriors
  An orc high priest (D:12)
  2 tengu warriors (D:15)
  4 death yaks
  A wizard (D:15)
  3 unseen horrors
  3 swamp dragons (Lair:6)
  6 hill giants
  3 orc sorcerers
  2 deep elf magi (D:14)
  A griffon (D:13)
  11 ugly things
  2 cyclopes
  7 elephants
  4 manticores
  A siren (Lair:6)
  12 black mambas
  Psyche (D:9)
  A centaur skeleton (D:14)
  A naga mage (D:15)
  A gargoyle (D:13)
  10 spiny frogs
  4 yaktaurs (D:14)
  A rime drake (Lair:3)
  7 komodo dragons
  2 tengu conjurers
  3 trolls
  A two-headed ogre (D:8)
  A polar bear (Lair:7)
  10 blink frogs
  A harpy skeleton (D:15)
  A slime creature (Lair:6)
  3 wyverns
  A shadow (D:14)
  5 wraiths
  3 fire elementals (D:15)
  2 steam dragons
  A human (D:7)
  22 yaks
  2 basilisks
  3 hogs (Lair:8)
  2 hungry ghosts
  6 vampire mosquitoes
  19 hippogriffs
  3 swamp worms (Lair:6)
  A mottled dragon (D:15)
  2 soldier ants
  12 water moccasins
  11 porcupines
  2 hell hounds (D:15)
  A hell hound (shapeshifter) (D:15)
  A swamp drake (Lair:6)
  12 orc warriors
  3 ice beasts
  2 necrophages
  A phantom (D:8)
  5 sky beasts
  12 centaurs
  8 ogres
  7 boggarts (D:15)
  5 wolves (Lair:6)
  11 crocodiles
  2 big kobolds
  26 giant frogs
  2 gnoll sergeants
  A scorpion (D:13)
  3 wyvern skeletons
  24 killer bees
  10 jellies
  3 howler monkeys
  11 crimson imps
  A giant frog zombie (D:6)
  6 centaur zombies
  9 hounds
  A quasit (D:9)
  4 giant frog skeletons
  A human zombie (Ossuary)
  Crazy Yiuf (D:2)
  11 orc priests
  A gnoll shaman (D:6)
  10 iguanas
  13 orc wizards
  4 human skeletons (D:6)
  9 worker ants
  40 sheep
  A big kobold zombie (Ossuary)
  A hound zombie (D:7)
  A hound skeleton (D:9)
  4 mummies (Ossuary)
  A worker ant zombie (D:11)
  32 gnolls
  7 adders
  27 river rats
  5 shadow imps
  A white imp (D:6)
  An ooze (D:2)
  2 adder skeletons
  3 worms
  2 dart slugs (D:2)
  3 giant geckos
  51 orcs
  6 bats
  4 giant cockroaches
  11 goblins
  18 hobgoblins
  8 jackals
  2 quokkas
  2 ball pythons
  4 giant newts
  A gnoll zombie (Ossuary)
  A goblin zombie (Ossuary)
  A hobgoblin zombie (Ossuary)
  2 jackal skeletons
  A jackal zombie (D:8)
  29 kobolds
  2 kobold zombies (Ossuary)
  2 orc skeletons (D:6)
  2 quokka zombies
  3 rats
  48 fungi
  21 plants
797 creatures vanquished.

Vanquished Creatures (collateral kills)
  A vault guard (D:13)
  A catoblepas (Lair:5)
  A hydra (Lair:6)
  A tengu warrior (D:15)
  A vampire mosquito (Lair:6)
  A swamp worm (Lair:6)
6 creatures vanquished.

Vanquished Creatures (others)
  An ugly thing (D:15)
  A boggart (D:15)
  An orc (D:12)
  10 fungi
  6 plants
19 creatures vanquished.

Grand Total: 822 creatures vanquished

Notes
Turn   | Place    | Note
--------------------------------------------------------------
     0 | D:1      | OrDronus the Minotaur Fighter began the quest for the Orb.
     0 | D:1      | Reached XP level 1. HP: 19/19 MP: 0/0
   428 | D:2      | Reached XP level 2. HP: 26/27 MP: 1/1
   672 | D:2      | Found a glowing golden altar of the Shining One.
   768 | D:2      | Reached skill level 4 in Fighting
   790 | D:2      | Reached XP level 3. HP: 33/33 MP: 2/2
   895 | D:2      | Noticed Crazy Yiuf
   901 | D:2      | Killed Crazy Yiuf
   901 | D:2      | Reached skill level 1 in Dodging
   901 | D:2      | Reached XP level 4. HP: 9/40 MP: 3/3
  1653 | D:3      | Found a snail-covered altar of Cheibriados.
  1864 | D:3      | Reached XP level 5. HP: 45/47 MP: 4/4
  1939 | D:3      | Found an oddly glowing altar of Pakellas.
  2540 | D:4      | Noticed an ogre
  2617 | D:4      | Noticed an ogre
  2975 | D:4      | Found Yruurett's Gadget Emporium.
  3119 | D:4      | Killed an ogre
  3119 | D:4      | Reached skill level 1 in Slings
  3119 | D:4      | Reached skill level 5 in Shields
  3119 | D:4      | Reached XP level 6. HP: 53/53 MP: 5/5
  3230 | D:5      | Entered Level 5 of the Dungeon
  3419 | D:5      | Found a radiant altar of Vehumet.
  3419 | D:5      | Found an iron altar of Okawaru.
  3421 | D:5      | Found a shadowy altar of Dithmenos.
  3484 | D:5      | Found a burning altar of Makhleb.
  3486 | D:5      | Found an ancient bone altar of Kikubaaqudgha.
  3938 | D:5      | Reached skill level 5 in Fighting
  3972 | D:5      | Reached skill level 5 in Armour
  4030 | D:5      | Reached XP level 7. HP: 60/61 MP: 6/6
  4413 | D:6      | Found a blossoming altar of Fedhas.
  4693 | D:6      | Reached skill level 6 in Fighting
  4698 | D:6      | Reached skill level 5 in Axes
  4722 | D:6      | Reached XP level 8. HP: 35/70 MP: 7/7
  4796 | D:6      | Found a sand-covered staircase.
  4808 | Ossuary  | Entered an ossuary
  5354 | D:6      | Reached skill level 7 in Fighting
  5686 | D:6      | Gained mutation: Your body sometimes deteriorates upon taking damage. [potion of mutation]
  5686 | D:6      | Gained mutation: You have sharp toenails. [potion of mutation]
  5686 | D:6      | Gained mutation: You are partially covered in icy blue scales (AC +1). [potion of mutation]
  5687 | D:6      | Lost mutation: Your body sometimes deteriorates upon taking damage. [potion of cure mutation]
  5687 | D:6      | Lost mutation: You are partially covered in icy blue scales (AC +1). [potion of cure mutation]
  5687 | D:6      | Lost mutation: You have sharp toenails. [potion of cure mutation]
  5734 | D:7      | Found Taezuq's Antique Weapon Shop.
  5906 | D:7      | Reached XP level 9. HP: 78/81 MP: 8/8
  6011 | D:7      | Found a staircase to the Ecumenical Temple.
  6092 | D:7      | Reached skill level 5 in Slings
  6253 | D:7      | Reached skill level 8 in Fighting
  7034 | D:7      | Reached skill level 5 in Dodging
  7602 | D:8      | Reached skill level 9 in Fighting
  7872 | D:8      | Found a staircase to the Lair.
  7944 | D:8      | Reached XP level 10. HP: 72/91 MP: 9/9
  8115 | D:8      | Got a crude silver amulet
  8176 | D:8      | Identified the amulet of Woleofig {Dismiss Fragile Str+3 Int+2} (You found it on level 8 of the Dungeon)
  8617 | Temple   | Entered the Ecumenical Temple
  8621 | Temple   | Became a worshipper of Qazlal Stormbringer
  9167 | D:9      | Noticed a manticore
  9713 | D:9      | Noticed Erolcha
  9812 | D:10     | Entered Level 10 of the Dungeon
  9858 | D:10     | Reached skill level 10 in Fighting
  9950 | D:10     | Found a flagged portal.
  9971 | Bailey   | Entered a bailey
  9983 | Bailey   | Reached * piety under Qazlal
 10342 | D:10     | Found a white marble altar of Elyvilon.
 10570 | D:10     | Reached ** piety under Qazlal
 10919 | D:11     | Noticed Fannar
 10989 | D:11     | Noticed a brown ugly thing
 11010 | D:10     | Killed a brown ugly thing
 11021 | D:11     | Noticed Josephine
 11202 | D:9      | Reached XP level 11. HP: 65/101 MP: 10/10
 11203 | D:9      | Noticed Psyche
 11387 | D:9      | Reached skill level 10 in Shields
 11619 | D:9      | Reached skill level 1 in Invocations
 11801 | D:9      | Reached skill level 11 in Fighting
 11837 | D:9      | Killed Erolcha
 11857 | D:9      | Killed Psyche
 12258 | D:11     | Killed Josephine
 12463 | D:10     | Reached *** piety under Qazlal
 12726 | D:11     | Killed Fannar
 12764 | D:11     | Noticed Erica
 12794 | D:10     | Found a sacrificial altar of Ru.
 13000 | D:10     | Gained mutation: Your spells are a little harder to cast, but a little more powerful. [potion of beneficial mutation]
 13001 | D:10     | Gained mutation: Your muscles are strong. (Str +2) [potion of beneficial mutation]
 13068 | D:11     | Killed an unseen horror
 13068 | D:11     | Reached skill level 10 in Axes
 13219 | D:11     | Noticed a purple ugly thing
 13231 | D:11     | Killed a purple ugly thing
 13268 | D:11     | Found a staircase to the Orcish Mines.
 13437 | D:12     | Noticed a hill giant
 13581 | D:12     | Killed an unseen horror
 13665 | D:12     | Reached XP level 12. HP: 107/112 MP: 13/13
 13788 | D:12     | Reached skill level 12 in Fighting
 13838 | D:12     | Found a runed door.
 13851 | D:12     | Paralysed by an orc sorcerer for 5 turns
 14021 | D:12     | Noticed an orc high priest
 14544 | D:12     | Paralysed by an orc sorcerer for 5 turns
 14558 | D:12     | Killed an orc high priest
 14589 | D:12     | Found a roughly hewn altar of Beogh.
 15176 | D:13     | Reached skill level 5 in Invocations
 15436 | D:13     | Reached **** piety under Qazlal
 15447 | D:13     | Noticed a vault guard
 15451 | D:13     | Killed a vault guard
 15491 | D:13     | Noticed a vault guard
 15502 | D:13     | Killed a vault guard
 15537 | D:13     | Reached skill level 13 in Fighting
 15562 | D:13     | Noticed a vault guard
 15564 | D:13     | Noticed a vault guard
 15588 | D:12     | Killed a vault guard
 15588 | D:12     | Reached skill level 10 in Armour
 15593 | D:12     | Killed a vault guard
 15593 | D:12     | Reached XP level 13. HP: 55/122 MP: 10/16
 15847 | D:13     | Found a gate to the Vaults.
 16166 | Lair:1   | Entered Level 1 of the Lair of Beasts
 18056 | Lair:3   | Identified a scroll of acquirement
 18059 | Lair:3   | Got a translucent greatsling
 18079 | Lair:3   | Identified the +1 greatsling of Shrieking Terror {venom, Int+8} (You acquired it on level 3 of the Lair of Beasts)
 18930 | Lair:4   | Noticed Snorg
 18942 | Lair:4   | Killed Snorg
 18983 | Lair:4   | Gained mutation: Your system is resistant to poisons. [potion of beneficial mutation]
 19968 | Lair:5   | Reached skill level 14 in Fighting
 20387 | Lair:5   | Found a staircase to the Snake Pit.
 21222 | Lair:5   | Reached XP level 14. HP: 118/133 MP: 18/18
 22187 | Lair:6   | Upgraded the game from 0.18.1-47-g9310371 to 0.18.1-48-g4cf74bf
 22329 | Lair:6   | Found a staircase to the Shoals.
 22727 | D:10     | Killed Erica
 23191 | D:14     | Found a portal to a secret trove of treasure.
 23429 | D:14     | Reached ***** piety under Qazlal
 23550 | D:14     | Reached skill level 15 in Fighting
 23834 | D:14     | Got a dazzling chain mail
 23845 | D:14     | Identified the +11 chain mail of Grace {*Corrode MP+9 Str+7 Dex-2 SInv} (You found it on level 14 of the Dungeon)
 23974 | D:15     | Entered Level 15 of the Dungeon
 24072 | D:15     | Noticed Azrael
 24123 | D:15     | Noticed Louise
 24560 | D:15     | Found a shadowy altar of Dithmenos.
 24703 | D:15     | Killed Azrael
 24703 | D:15     | Reached XP level 15. HP: 99/141 MP: 20/20
 26050 | Lair:7   | Found a viscous altar of Jiyva.
 26050 | Lair:7   | Found a staircase to the Slime Pits.
 26062 | Slime:1  | Entered Level 1 of the Pits of Slime
 26062 | Slime:1  | Noticed an acid blob
 26066 | Slime:1  | Noticed an acid blob
 26181 | Lair:8   | Entered Level 8 of the Lair of Beasts
 26181 | Lair:8   | Noticed Kirke
 26197 | Lair:8   | Lost mutation: Your spells are a little harder to cast, but a little more powerful. [potion of cure mutation]
 26197 | Lair:8   | Lost mutation: Your muscles are strong. (Str +2) [potion of cure mutation]
 26197 | Lair:8   | Lost mutation: Your system is resistant to poisons. [potion of cure mutation]
 26202 | Lair:8   | Noticed a sphinx
 26204 | Lair:8   | Paralysed by a sphinx for 7 turns
 26204 | Lair:8   | HP: 1/141 [lindwurm/blast of flame[Kirke] (41)]
 26205 | Lair:8   | Mangled by Kirke

Skill      XL: |  1  2  3  4  5  6  7  8  9 10 11 12 13 14 15 |
---------------+----------------------------------------------+-----
Shields        | 4 5 6 8 9 11 12 13 14 | 14.9
Fighting       | 4 5 6 7 9 10 11 13 14 15 | 15.6
Armour         | 4 5 6 7 9 10 11 | 11.7
Axes           | 3 4 5 6 7 8 10 11 12 14 | 14.1
Dodging        | 1 2 3 4 5 6 7 8 |  8.2
Slings         | 1 2 3 4 6 7 |  7.5
Invocations    | 3 6 7 8 9 |  9.1
Throwing       | |  0.4
Evocations     | |  0.3

Action                   |  1- 3 |  4- 6 |  7- 9 | 10-12 | 13-15 || total
-------------------------+-------+-------+-------+-------+-------++-------
Melee: War axe           |    62 |   148 |   361 |   739 |  1016 ||  2326
       Headbutt          |    15 |    17 |    74 |   207 |   271 ||   584
 Fire: Hunting sling     |       |    20 |    43 |    56 |     7 ||   126
       Greatsling        |       |       |       |       |     6 ||     6
Throw: Javelin           |       |       |       |     3 |       ||     3
Invok: Upheaval          |       |       |       |     7 |    12 ||    19
       Elemental Force   |       |       |       |     1 |     5 ||     6
Evoke: Wand              |       |       |       |     2 |     2 ||     4
  Use: Scroll            |       |       |    16 |     8 |    12 ||    36
       Potion            |       |       |     5 |     6 |     5 ||    16
 Stab: Invisible         |       |       |       |     1 |       ||     1
       Distracted        |       |       |       |       |     1 ||     1
  Eat: Chunk             |       |    10 |    12 |    25 |    30 ||    77
       Fruit             |       |       |       |     2 |     4 ||     6
       Bread ration      |       |       |       |       |     1 ||     1
Armor: Scale mail        |    16 |    52 |    94 |    62 |       ||   224
       Plate armour      |       |       |       |   244 |   169 ||   413
       Chain mail        |       |       |       |       |   110 ||   110
       Skin              |       |       |       |       |     5 ||     5
Dodge: Dodged            |    21 |    54 |    96 |   264 |   287 ||   722
       Deflected         |       |       |       |       |     5 ||     5
Block: Shield            |    23 |    87 |   186 |   585 |   905 ||  1786
       Other             |       |       |       |       |     4 ||     4
